 Dungeon Crawl Stone Soup version 0.26.0-16-gc1dbca0489 (webtiles) character file.

Game seed: 15309311031467899941

80 112233 the Twirler (level 4, -1/30 HPs)
             Began as an Octopode Gladiator on Jan 20, 2021.
             Slain by an ogre
             ... wielding a cursed -1 giant club
              (8 damage)
             ... on level 3 of the Dungeon.
             The game lasted 00:01:45 (2176 turns).

112233 the Twirler (Octopode Gladiator)             Turns: 2176, Time: 00:01:46

Health: -1/30      AC:  1    Str: 13    XL:     4   Next: 39%
Magic:  4/4        EV: 15    Int: 10    God:
Gold:   139        SH:  0    Dex: 14    Spells: 3/3 levels left

rFire    . . .     SeeInvis .   a - +0 quarterstaff
rCold    . . .     Faith    .   (shield currently unavailable)
rNeg     . . .     Spirit   .   b - +0 hat
rPois    .         Reflect  .   (no amulet)
rElec    .         Harm     .   n - ring of flight
rCorr    .         Rampage  .   (no ring)
Will     .....                  (no ring)
Stlth    ++........             (no ring)
HPRegen  0.10/turn              (no ring)
MPRegen  0.09/turn              (no ring)
                                (no ring)
                                (no ring)

@: no status effects
A: almost no armour, stealthy swim, amphibious, 8 rings, constrict 8, camouflage
1, gelatinous body 1
a: Evoke Flight


You were on level 3 of the Dungeon.
You visited 1 branch of the dungeon, and saw 4 of its levels.

You collected 139 gold pieces.

Inventory:

Hand Weapons
 a - a +0 quarterstaff (weapon)
Missiles
 c - 3 throwing nets (quivered) {!f}
Armour
 b - a +0 hat (worn)
 d - a +0 kite shield
Jewellery
 n - a ring of flight (left tentacle)
Scrolls
 e - 2 scrolls of random uselessness {unknown}
 f - 2 scrolls of identify {unknown}
 g - 2 scrolls of enchant armour {unknown}
 h - a scroll of noise {unknown}
 k - a scroll of amnesia {unknown}
 m - a scroll of enchant weapon {unknown}
Potions
 i - a potion of cancellation {unknown}
 j - a potion of heal wounds {unknown}
 l - a potion of mutation {unknown}
 o - a potion of might {unknown}
 p - a potion of flight {unknown}


   Skills:
 + Level 2.7 Fighting
 * Level 4.2 Staves
 - Level 2.0 Throwing
 + Level 3.6 Dodging


You had 3 spell levels left.
You didn't know any spells.
Your spell library was empty.

Dungeon Overview and Level Annotations

Branches:
Dungeon (4/15)
 Temple: D:4-7

Altars:
Okawaru


Innate Abilities, Weirdness & Mutations

You cannot wear most types of armour.
You are very stealthy in the water. (Stealth+)
You are amphibious.
You can wear up to eight rings at the same time.
You can use your tentacles to constrict eight enemies at once.
Your skin changes colour to match your surroundings (Stealth+).
Your rubbery body absorbs attacks. (AC +1, EV +1)


Message History

The ogre shouts!
You grab the iguana.
You constrict the iguana, but do no damage.
The iguana misses you.
You hit the iguana. You constrict the iguana. The iguana bites you!
You hit the iguana. You constrict the iguana. The iguana barely misses you.
You release your grip on the iguana.
There is a stone staircase leading up here.
The iguana bites you!
Ouch! That really hurt!
* * * LOW HITPOINT WARNING * * *
The ogre barely misses you.
You climb upwards.
There is a stone staircase leading down here.
Unknown command.
You see here a jackal skeleton.
You see here a jackal skeleton.
There is a stone staircase leading up here.
The ogre hits you with a cursed -1 giant club!
You die...

#.##.##.....###.######
# #....?.......รท..####
.#
#.[#..##.....#.....####
.##
...##!.......)........#
... .#
##................###.#
#................#...#
#...>......l.......#
#..........O....##.#
#............@....##.#
...##..................
.##
##.....#.....####.##
############# #.# ###


You could see an ogre and an iguana.

Vanquished Creatures
  4 adders
  A worm (D:2)
  A dart slug (D:1)
  A leopard gecko (D:3)
  An orc (D:3)
  4 bats
  4 giant cockroaches
  5 hobgoblins
  6 jackals (D:3)
  A quokka (D:3)
  A frilled lizard (D:2)
  A goblin (D:1)
  2 kobolds (D:1)
  6 rats
38 creatures vanquished.

Notes
Turn   | Place    | Note
-------+----------+-------------------------------------------
     0 | D:1      | 112233 the Octopode Gladiator began the quest for the Orb.
     0 | D:1      | Reached XP level 1. HP: 14/14 MP: 1/1
   334 | D:1      | Reached XP level 2. HP: 16/19 MP: 2/2
   959 | D:2      | Reached XP level 3. HP: 20/25 MP: 3/3
  1096 | D:2      | Found an iron altar of Okawaru.
  1277 | D:3      | Reached skill level 4 in Staves
  1302 | D:3      | Reached XP level 4. HP: 13/30 MP: 4/4
  2149 | D:4      | Noticed an ogre
  2176 | D:3      | Slain by an ogre

Illustrated notes

Levels and vault maps discovered:
D:1:      dpeg_arrival_court, layout_loops_ring
D:2:      layout_loops_ring, nicolae_overflow_crystal_walls,
          lemuel_doored_altar, old_standard_altar
D:3:      layout_rooms
D:4:      layout_cave_pools, nicolae_qazlal_style_of_elements,
          amethyst_overflow_temple_binary, lemuel_temple_firewalk_b

Skill      XL: |  1  2  3 |
---------------+----------+-----
Staves         | 4 |  4.2
Fighting       | |  2.7
Throwing       | |  2.0
Dodging        | |  3.6

Action                   |  1- 3 |  4- 6 || total
-------------------------+-------+-------++-------
Melee: Quarterstaff      |    49 |    25 ||    74
       Constrict         |    10 |     8 ||    18
       Tentacles         |     5 |     2 ||     7
  Use: Potion            |     1 |       ||     1
 Stab: Sleeping          |     7 |     1 ||     8
Armor: Skin              |     6 |     1 ||     7
Dodge: Dodged            |    25 |    33 ||    58
